 Dungeon Crawl Stone Soup version 0.29.1-13-g9f3cf754e1 (webtiles) character file.

Game seed: 6055451350090099371

20 boopmooplesden the Trooper (level 2, 0/27 HPs)
             Began as a Minotaur Fighter on Jan 29, 2023.
             Engulfed by a cloud of flame (27 damage)
             ... on level 1 of the Dungeon.
             The game lasted 00:00:32 (354 turns).

boopmooplesden the Trooper (Minotaur Fighter)        Turns: 354, Time: 00:00:32

Health: 0/27       AC:  7    Str: 20    XL:     2   Next: 58%
Magic:  1/1        EV:  9    Int:  5    God:
Gold:   21         SH:  4    Dex:  9    Spells: 1/1 levels left

rFire   . . .      SeeInvis .   a - +0 war axe
rCold   . . .      Faith    .   c - +0 buckler
rNeg    . . .      Spirit   .   b - +0 scale mail
rPois   .          Reflect  .   (helmet restricted)
rElec   .          Harm     .   (no cloak)
rCorr   .          Rampage  .   (no gloves)
Will    .....                   (no boots)
Stlth   ..........              (no amulet)
HPRegen 0.09/turn               (no ring)
MPRegen 0.07/turn               (no ring)

@: no status effects
A: horns 2, retaliatory headbutt
a: no special abilities


You were on level 1 of the Dungeon.
You visited 1 branch of the dungeon, and saw 1 of its levels.

You collected 21 gold pieces.

Inventory:

Hand Weapons
 a - a +0 war axe (weapon)
Armour
 b - a +0 scale mail (worn)
 c - a +0 buckler (worn)
Scrolls
 e - a scroll of vulnerability {unknown}
 g - a scroll of identify {unknown}
Potions
 d - a potion of might
 f - a potion of ambrosia {unknown}


   Skills:
 + Level 4.1 Fighting
 + Level 2.5 Axes
 + Level 3.9 Armour
 + Level 4.0 Shields


You had one spell level left.
You didn't know any spells.
Your spell library was empty.

Dungeon Overview and Level Annotations

Branches:
Dungeon (1/15)

Altars:


Innate Abilities, Weirdness & Mutations

You have a pair of horns on your head.
You reflexively headbutt those who attack you in melee.


Message History

You slash the dart slug!
You kill the dart slug!
The hobgoblin hits you but does no damage.
Your Shields skill increases to level 4!
The hobgoblin barely misses you.
You see here a dart slug corpse.
You block the hobgoblin's attack.
You slash the hobgoblin!
You kill the hobgoblin!
You see here a dart slug corpse.
g - a scroll labelled IFRAGE SIESS You now have 21 gold pieces (gained 10).
You open the large door.
A rat comes into view.
The rat is engulfed in blazing flames.
The rat dies!
There is a large open door here.
There is a large open door here.
You see here a +0 whip.
A dart slug comes into view.
Found 5 gold pieces.
A dart slug is nearby!
A dart slug is nearby!
A dart slug is nearby!
A ball python comes into view.
Found a bronze wand, a book of the Tundra and a scroll labelled IFRAGE SIESS.
The ball python moves out of view.
Found 17 gold pieces.
A ball python is nearby!
Really walk into a travel-excluded area? [Y]es or [N]o only, please.
Really walk into a travel-excluded area?
A dart slug comes into view.
The dart slug launches a dart at you.
The slug dart hits you but does no damage.
You closely miss the ball python. You headbutt the ball python.
You kill the ball python!
You are engulfed in blazing flames.
Ouch! That really hurt!
You die...

.....##...#
.....+....#####...####
.....#.###.§○§.w.$.§§
.....#)#...§§§..?..☼
.........#.○.○.$/:.
.......#..#####...#
.†.....#..# #§§☼#
.......#..# #§○☼#
..........# #§@○#
#####.....#####.†.#
....+..........#........
..###....##.#......#####
#.# #....##.#.##...# #.#
#.................
#.###....##........#.#
....+.... .........#.#
.####....#.......#.# #


You could see a dart slug.

Vanquished Creatures
  A dart slug (D:1)
  3 ball pythons (D:1)
  A bat (D:1)
  2 endoplasms (D:1)
  2 hobgoblins (D:1)
  2 kobolds (D:1)
  2 quokkas (D:1)
  2 frilled lizards (D:1)
  A rat (D:1)
16 creatures vanquished.

Vanquished Creatures (others)
  A rat (D:1)
1 creature vanquished.

Grand Total: 17 creatures vanquished

Notes
Turn   | Place    | Note
-------+----------+-------------------------------------------
     0 | D:1      | boopmooplesden the Minotaur Fighter began the quest for the
                  | Orb.
     0 | D:1      | Reached XP level 1. HP: 19/19 MP: 0/0
   120 | D:1      | Found a faded altar of an unknown god.
   148 | D:1      | Reached XP level 2. HP: 27/27 MP: 1/1
   354 | D:1      | Engulfed by a cloud of flame

Illustrated notes

Levels and vault maps discovered:
D:1:      shiori_arrival_elements, layout_basic,
          shapermc_ecumenical_altar_mp_highgroup, lemuel_flame_loot_1

Skill      XL: |  1  2 |
---------------+-------+-----
Fighting       | 4 |  4.1
Shields        | 4 |  4.0
Axes           | |  2.5
Armour         | |  3.9

Action                   || total
-------------------------++-------
Melee: War axe           ||    27
       Headbutt          ||     7
Armor: Scale mail        ||    13
Dodge: Dodged            ||    14
Block: Buckler           ||     8
